 Dungeon Crawl Stone Soup version 0.24.1-4-ge52af88ad5 (webtiles) character file.

Game seed: 6914950642180354185, levelgen mode: deterministic

910 Curus the Cleaver (level 7, -14/85 HPs)
             Began as a Minotaur Berserker on Apr 13, 2020.
             Was a Priest of Trog.
             Demolished by Duvessa
             ... wielding a +1 rapier of electrocution
              (22 damage)
             ... on level 5 of the Dungeon.
             The game lasted 00:17:58 (4090 turns).

Curus the Cleaver (Minotaur Berserker)              Turns: 4090, Time: 00:17:58

Health: -14/85     AC: 14    Str: 26      XL:     7   Next: 81%
Magic:  6/6        EV:  8    Int:  5 (6)  God:    Trog [***...]
Gold:   212        SH:  0    Dex: 13      Spells: 6/6 levels left

rFire    . . .     SeeInvis .   m - +0 war axe
rCold    . . .     Gourm    .   (no shield)
rNeg     . . .     Faith    .   n - +0 plate armour
rPois    .         Spirit   .   (helmet restricted)
rElec    .         Reflect  .   (no cloak)
rCorr    .         Harm     +   e - +1 pair of gloves
MR       .....                  l - +0 pair of boots
Stlth    ..........             d - amulet of harm
HPRegen  0.24/turn              s - +3 ring of dexterity
MPRegen  0.10/turn              f - ring of stealth

@: berserking, very quick
A: retaliatory headbutt, horns 2
a: Berserk, Trog's Hand, Renounce Religion


You were on level 5 of the Dungeon.
You worshipped Trog.
Trog was most pleased with you.
You were near starving.

You visited 1 branch of the dungeon, and saw 5 of its levels.

You collected 212 gold pieces.

Inventory:

Hand Weapons
 a - a +2 hand axe
 m - a +0 war axe (weapon)
Armour
 b - a +1 animal skin
 e - a +1 pair of gloves (worn)
 h - a +0 ring mail
 k - a +0 scale mail
 l - a +0 pair of boots (worn)
 n - a +0 plate armour (worn)
Jewellery
 d - an amulet of harm (around neck)
 f - a ring of stealth (right hand)
 i - an uncursed amulet of the acrobat
 o - an uncursed ring of attention
 r - a cursed +3 amulet of reflection {unknown}
 s - a +3 ring of dexterity (left hand)
Wands
 q - a wand of digging (6)
Scrolls
 g - 4 scrolls of identify
 j - 3 scrolls of teleportation
 p - 2 scrolls of fear
Comestibles
 c - 9 rations


   Skills:
 - Level 3.6 Fighting
 + Level 11.1 Axes
 - Level 2.4 Armour
 - Level 2.1 Dodging


You had 6 spell levels left.
You didn't know any spells.
Your spell library was empty.

Dungeon Overview and Level Annotations

Branches:
Dungeon (5/15)             Temple (0/1) D:5

Altars:
Vehumet

Shops:
D:4 (

Annotations:
D:4 exclusion: statue
D:5 2 transporters, Duvessa


Innate Abilities, Weirdness & Mutations

You reflexively headbutt those who attack you in melee.
You have a pair of horns on your head.


Message History

Duvessa screams in rage.
Duvessa goes berserk!
You feel your intelligence returning.
Duvessa hits you with a +1 rapier of electrocution.
Duvessa barely misses you. You furiously retaliate!
You headbutt Duvessa, but do no damage. You closely miss Duvessa.
Your headbutt misses Duvessa.
Duvessa hits you with a +1 rapier of electrocution.
A red film seems to cover your vision as you go berserk!
You feel yourself moving faster!
You feel mighty!
You are near starving!
The shadow imp shouts, "Abandon hope, thou tottering clay-brained gnoll-tail!"
Duvessa hits you with a +1 rapier of electrocution!
You barely miss Duvessa. Duvessa hits you but does no damage.
You are electrocuted!!
* * * LOW HITPOINT WARNING * * *
You hit Duvessa but do no damage. You headbutt Duvessa.
Duvessa is lightly wounded.
Duvessa hits you but does no damage.
You are electrocuted!!
You die...

).......#.≈...≈o#.....#.....#...#
........#5≈...≈5#.#'###.....#####
........####+####................
........#P../..P#................
#######.#8P.©.P8#................
........#########................
............©....................
..........#......................
.###......#....e@................
.##########....)......<..........
..#.......#.....#################
..#.......#.....#................
..#.......#.....#................
..'.......#.....#................
..#.......#.....#................
..#.......#.....#................
..#.......#.....#+####'########..


You could see Duvessa (berserk) and 2 shadow imps.

Vanquished Creatures
  A sky beast (D:5)
  2 ice beasts
  A scorpion (D:4)
  Dowan (D:5)
  A howler monkey (D:5)
  A crimson imp (D:5)
  A hound (D:5)
  3 orc wizards
  2 orc priests (D:4)
  A jelly (D:5)
  Ijyb (D:5)
  An iguana (D:5)
  Natasha (D:3)
  A worker ant (D:4)
  A howler monkey zombie (D:5)
  2 gnolls (D:2)
  2 adders (D:2)
  A shadow imp (D:5)
  2 oozes
  An adder zombie (D:5)
  2 worms
  A dart slug (D:2)
  3 leopard geckos
  12 orcs
  A ball python (D:1)
  7 bats
  2 giant cockroaches
  11 goblins
  7 hobgoblins
  2 jackals (D:4)
  5 kobolds
  A quokka (D:2)
  8 frilled lizards
  A jackal skeleton (D:4)
  4 rats
94 creatures vanquished.

Notes
Turn   | Place    | Note
-------+----------+-------------------------------------------
     0 | D:1      | Curus the Minotaur Berserker began the quest for the Orb.
     0 | D:1      | Reached XP level 1. HP: 19/19 MP: 0/0
   222 | D:1      | Reached skill level 4 in Axes
   371 | D:1      | Reached XP level 2. HP: 25/26 MP: 1/1
   643 | D:1      | Reached skill level 5 in Axes
   953 | D:2      | Reached XP level 3. HP: 31/31 MP: 2/2
  1191 | D:2      | Reached ** piety under Trog
  1192 | D:2      | Reached skill level 6 in Axes
  1192 | D:2      | Reached XP level 4. HP: 31/39 MP: 3/3
  2110 | D:3      | Noticed Natasha
  2116 | D:3      | Killed Natasha
  2165 | D:4      | Reached skill level 7 in Axes
  2165 | D:4      | Reached XP level 5. HP: 29/45 MP: 4/4
  2176 | D:4      | Reached skill level 8 in Axes
  2442 | D:4      | Found a radiant altar of Vehumet.
  2442 | D:4      | Noticed a charred statue
  2514 | D:4      | Reached *** piety under Trog
  2636 | D:4      | Noticed an ice beast
  2647 | D:4      | Killed an ice beast
  2647 | D:4      | Reached XP level 6. HP: 18/51 MP: 5/5
  2843 | D:4      | Found Meonal's Weapon Emporium.
  2892 | D:4      | Reached skill level 9 in Axes
  3372 | D:5      | Entered Level 5 of the Dungeon
  3372 | D:5      | Noticed Duvessa
  3372 | D:5      | Noticed Dowan
  3405 | D:5      | Noticed an ice beast
  3409 | D:5      | Killed an ice beast
  3409 | D:5      | Reached XP level 7. HP: 57/57 MP: 6/6
  3543 | D:5      | Reached skill level 10 in Axes
  3634 | D:5      | Found a transporter.
  3648 | D:5      | Noticed Ijyb
  3673 | D:5      | Killed Ijyb
  3687 | D:5      | Found a staircase to the Ecumenical Temple.
  3823 | D:5      | Reached skill level 11 in Axes
  3946 | D:5      | Found a transporter.
  4086 | D:5      | Killed Dowan
  4090 | D:5      | Demolished by Duvessa

Levels and vault maps discovered:
D:1:      dpeg_arrival_line_fractal, layout_basic
D:2:      layout_basic, minmay_fractal_squares_5
D:3:      layout_loops_ring, first_ration, uniq_natasha
D:4:      layout_gridville, vehumet_statue, serial_shops, shop,
          kennysheep_generic_room_6
D:5:      gammafunk_wand_slinger, layout_gridville, temple_green, uniq_duvessa,
          uniq_ijyb

Skill      XL: |  1  2  3  4  5  6  7 |
---------------+----------------------+-----
Axes           | 4 5 6 7 8 9 11 | 11.1
Fighting       | |  3.6
Armour         | |  2.4
Dodging        | |  2.1

Action                   |  1- 3 |  4- 6 |  7- 9 || total
-------------------------+-------+-------+-------++-------
Melee: Hand axe          |    76 |    57 |       ||   133
       Headbutt          |     9 |    13 |     8 ||    30
       War axe           |       |    31 |    69 ||   100
       Unarmed           |       |       |    15 ||    15
Invok: Berserk           |       |     2 |     1 ||     3
  Use: Scroll            |     5 |     7 |     1 ||    13
       Potion            |     3 |     4 |     1 ||     8
 Stab: Sleeping          |     2 |     1 |       ||     3
  Eat: Chunk             |     1 |     5 |     2 ||     8
       Ration            |       |     1 |       ||     1
Armor: Animal skin       |     4 |       |       ||     4
       Ring mail         |    12 |     9 |       ||    21
       Scale mail        |       |    17 |       ||    17
       Plate armour      |       |    17 |    38 ||    55
       Skin              |       |       |     2 ||     2
Dodge: Dodged            |    39 |    23 |    25 ||    87
